 Dungeon Crawl Stone Soup version 0.32-a0-630-g46d191b0ed (webtiles) character file.

Game seed: 1613466613319674727

685 croobank the Sneak (level 7, 0/58 (63) HPs)
             Began as an Octopode Summoner on Mar 6, 2024.
             Slain by a wight
             ... wielding a +0 spear
              (5 damage)
             ... on level 4 of the Dungeon.
             The game lasted 00:07:00 (2811 turns).

croobank the Sneak (Octopode Summoner)              Turns: 2811, Time: 00:07:01

HP:   0/58 (63)     AC:  1    Str:  8    XL:     7   Next: 62%
MP:   2/12          EV: 14    Int: 25    God:
Gold: 167           SH:  0    Dex: 12    Spells: 3/13 levels left

rFire   . . .        j - +2 dagger (venom)
rCold   . . .        (no shield)
rNeg    . . .        (helmet restricted)
rPois   .            (no amulet)
rElec   .            l - +6 ring of intelligence
rCorr   .            (no ring)
SInv    .            (no ring)
Will    +....        (no ring) Stlth
                     (no ring)
HPRegen 0.29/turn    (no ring)
MPRegen 0.13/turn    (no ring)
                     (no ring)

%: no passive effects
@: berserking, enlightened, flying, drained, inugami summoned, very quick
A: almost no armour, amphibious, 8 rings, camouflage 1, gelatinous body 1,
(nimble swimmer 1), tentacles
a: no special abilities


You were on level 4 of the Dungeon.
You visited 1 branch of the dungeon, and saw 4 of its levels.

You collected 167 gold pieces.

Inventory:

Hand Weapons
 d - a +0 mace
 j - a +2 dagger of venom (weapon)
 q - a +1 whip of electrocution
Missiles
 n - 6 poisoned darts
Armour
 h - a +0 buckler
Jewellery
 l - a +6 ring of intelligence (left tentacle)
Talismans
 m - a flux talisman
Wands
 p - a wand of iceblast (4)
Scrolls
 b - a scroll of revelation {unknown}
 c - 2 scrolls of noise {unknown}
 f - a scroll of identify {unknown}
 g - a scroll of enchant armour {unknown}
 o - a scroll of teleportation {unknown}
Potions
 a - a potion of magic
 i - 2 potions of enlightenment
 k - a potion of degeneration {unknown}


   Skills:
 + Level 0.3 Fighting
 + Level 4.0 Dodging
 + Level 5.8 Stealth
 + Level 2.9 Shields
 + Level 3.8 Spellcasting
 + Level 5.4 Summonings
 * Level 0.7 Fire Magic


You had 3 spell levels left.
You knew the following spells:

 Your Spells              Type           Power      Damage    Failure   Level
a - Summon Small Mammal   Summ           100%       N/A       1%          1
b - Call Imp              Summ           62%        N/A       1%          2
c - Call Canine Familiar  Summ           31%        N/A       3%          3
d - Summon Blazeheart Go  Fire/Summ      20%        N/A       26%         4

Your spell library contained the following spells:

 Spells                   Type           Power      Damage    Failure   Level
 Sandblast                Erth           8%         2d5       10%         1
 Ensorcelled Hibernation  Hex/Ice        8%         N/A       14%         2
 Passwall                 Erth           4%         N/A       28%         3
 Stone Arrow              Conj/Erth      8%         3d7       28%         3
 Swiftness                Air            4%         N/A       28%         3
 Summon Lightning Spire   Summ/Air       18%        N/A       30%         4
 Brom's Barrelling Bould  Conj/Erth      4%         2d3       67%         4


Dungeon Overview and Level Annotations

Branches:
Dungeon (4/15)
 Temple: D:4-7

Altars:


Innate Abilities, Weirdness & Mutations

You cannot wear most types of armour.
You are amphibious.
You can wear up to eight rings at the same time.
Your skin changes colour to match your surroundings (Stealth+).
Your rubbery body absorbs attacks. (AC +1, EV +1)
((You are camouflaged when in or above water. (Stealth+)))
You have tentacles for arms and can constrict up to eight enemies at once.


Message History

Your inugami barely misses the wight.
The wight closely misses your cerulean imp.
The wight hits your cerulean imp with a +0 spear.
Your cerulean imp dies!
Your cerulean imp disappears in a puff of smoke!
Your inugami hits the wight but does no damage.
Something hits your inugami!
Your inugami hits the wight but does no damage.
There is an open door here.
Something hits your inugami!
Casting: Summon Blazeheart Golem (quite dangerous; 28% risk of failure)
Confirm with . or Enter, or press ? or * to list all spells.
A fiery spirit appears, bound in slag iron.
The wight misses you.
You swap places.
The wight hits you from afar with a +0 spear!
You feel drained.
Your magical contamination has completely faded away.
The wight closely misses you. The wight barely misses you.
Your inugami hits the wight! You hit the wight but do no damage.
You grab the wight.
You squeeze the wight, but do no damage.
You constrict the wight.
The wight hits you with a +0 great sword!
* * * LOW HITPOINT WARNING * * *
You feel drained.
* * * LOW HITPOINT WARNING * * *
The wight barely misses you.
Your inugami hits the wight.
Your blazeheart golem punches the wight!
Okay, then.
It was a potion of enlightenment.
You feel very buoyant.
You fly up into the air.
You constrict the wight.
You destroy the wight!
The wight misses you.
Your inugami barely misses the wight.
It was a potion of berserk rage.
A red film seems to cover your vision as you go berserk!
You feel yourself moving faster!
You feel mighty!
The wight hits you from afar with a +0 spear.
You die...

#....#.....'...zh....+
#....#.....#...z.....#
#....#.....#...###+###
#....#.....######
####............#
#....######.h...#
#....# #..z.># #....#
#..z9.# #....# #...@.#
###### #.....# #.....#
#.....# #.....#
#.....# #######


You could see 2 wights, a friendly blazeheart golem (summoned) and a friendly
inugami (summoned).

Vanquished Creatures
  Pikel (D:4)
  A wight (D:4)
  A bombardier beetle (D:3)
  A hound (D:4)
  5 adders
  2 dart slugs
  2 endoplasms (D:2)
  2 giant cockroaches (D:3)
  4 goblins
  4 hobgoblins
  A jackal (D:1)
  A quokka (D:1)
  3 ball pythons
  3 kobolds
  9 rats
40 creatures vanquished.

Vanquished Creatures (collateral kills)
  A hound (D:4)
  2 adders
  2 ball pythons (D:1)
  5 endoplasms (D:1)
  3 goblins
  6 hobgoblins
  3 jackals (D:1)
  A quokka (D:1)
  A frilled lizard (D:3)
  2 kobolds
  A rat (D:1)
27 creatures vanquished.

Grand Total: 67 creatures vanquished

Notes
Turn   | Place    | Note
-------+----------+-------------------------------------------
     0 | D:1      | croobank the Octopode Summoner began the quest for the Orb.
     0 | D:1      | Reached XP level 1. HP: 11/11 MP: 3/3
   230 | D:1      | Reached XP level 2. HP: 8/17 MP: 0/5
   239 | D:1      | Learned a level 2 spell: Call Imp
   497 | D:1      | Reached XP level 3. HP: 19/21 MP: 6/6
   703 | D:1      | Learned a level 3 spell: Call Canine Familiar
  1232 | D:2      | Reached XP level 4. HP: 18/27 MP: 1/7
  1759 | D:3      | Found a faded altar of an unknown god.
  1766 | D:3      | Reached skill level 1 in Shields
  1900 | D:3      | Reached XP level 5. HP: 31/31 MP: 9/9
  2566 | D:4      | Noticed a lemure
  2568 | D:4      | Noticed Pikel
  2570 | D:4      | Noticed a lemure
  2576 | D:4      | Noticed a lemure
  2576 | D:4      | Noticed a lemure
  2581 | D:4      | Killed Pikel
  2582 | D:4      | Reached skill level 5 in Stealth
  2582 | D:4      | Reached skill level 5 in Summonings
  2582 | D:4      | Reached XP level 6. HP: 6/36 MP: 3/11
  2582 | D:4      | Reached XP level 7. HP: 7/41 MP: 3/12
  2723 | D:4      | Learned a level 4 spell: Summon Blazeheart Golem
  2811 | D:4      | Slain by a wight

Illustrated notes

Levels and vault maps discovered:
D:1:      dpeg_arrival_water_fire, layout_loops_ring, minmay_cupped
D:2:      layout_loops_ring
D:3:      layout_basic, ebering_ecumenical_altar_ruins, chequers_big_river,
          kennysheep_nub, nicolae_the_louvre
D:4:      layout_gridville, good_gods_temple_1, nemelex_diamond_rough_becter,
          nicolae_uskayaw_suspiria, uniq_pikel

Skill      XL: |  1  2  3  4  5  6  7 |
---------------+----------------------+-----
Stealth        | 3 4 5 |  5.8
Shields        | 1 2 |  2.9
Dodging        | 3 4 |  4.0
Spellcasting   | 3 |  3.8
Summonings     | 5 |  5.4
Fighting       | |  0.3
Fire Magic     | |  0.7

Action                     |  1- 3 |  4- 6 |  7- 9 || total
---------------------------+-------+-------+-------++-------
  Melee: Unarmed           |    19 |       |       ||    19
         Constrict         |    14 |    11 |     1 ||    26
         Tentacles         |     8 |    11 |     1 ||    20
         Mace              |     8 |       |       ||     8
         Dagger            |     6 |    38 |     1 ||    45
   Cast: Summon Small Mamm |    16 |     3 |     1 ||    20
         Call Imp          |     6 |     4 |     1 ||    11
         Call Canine Famil |     2 |     4 |     1 ||     7
         Summon Blazeheart |       |       |     1 ||     1
    Use: Potion            |       |       |     2 ||     2
   Stab: Sleeping          |     6 |     6 |       ||    12
 Armour: Skin              |    11 |    19 |     4 ||    34
  Dodge: Dodged            |    23 |    17 |     6 ||    46

Table legend: (Time is in decaauts)
 A = Elapsed time spent in this place.
 B = Non-inter-level travel time spent in this place.
 C = Inter-level travel time spent in this place.
 D = Time resting spent in this place.
 E = Time spent auto-exploring this place.
 F = Levels seen in this place.
 G = Mean time per level.
                   A        B        C        D        E       F      G
               +--------+--------+--------+--------+--------+-----+--------+
         Total |   2812 |   2750 |     62 |    207 |   2002 |   4 |  703.0 |
       Dungeon |   2812 |   2750 |     62 |    207 |   2002 |   4 |  703.0 |
               +--------+--------+--------+--------+--------+-----+--------+

Top non-repeatable levels by time:
     D:1: 1084 daAuts
     D:3: 878 daAuts
     D:2: 580 daAuts
     D:4: 268 daAuts
